 Dungeon Crawl Stone Soup version 0.21.1-1-g345015f (webtiles) character file.

501 Flooderbenga the Grave Robber (level 7, -3/75 HPs)
             Began as a Gnoll Necromancer on Apr 25, 2018.
             Slain by p0werm0de's ghost (6 damage)
             ... on level 5 of the Dungeon.
             The game lasted 00:42:59 (1250 turns).

Flooderbenga the Grave Robber (Gnoll Necromancer)   Turns: 1250, Time: 00:43:00

Health: -3/75      AC:  5    Str: 15    XL:     7   Next: 17%
Magic:  2/15       EV: 15    Int: 20    God:
Gold:   201        SH:  0    Dex: 15    Spells: 3/17 levels left

rFire    . . .     SeeInvis .   a - +0 dagger
rCold    . . .     Gourm    .   (no shield)
rNeg     . . .     Faith    .   l - +2 animal skin
rPois    .         Spirit   .   e - +0 helmet
rElec    .         Reflect  .   (no cloak)
rCorr    .         Harm     .   (no gloves)
MR       .....                  (no boots)
Stlth    ..........             (no amulet)
HPRegen  0.22/turn              (no ring)
MPRegen  0.14/turn              (no ring)

@: berserking (expiring), lethally poisoned (-3 -> -31), very quick
A: distributed training, fangs 1, strong nose
a: no special abilities


You were on level 5 of the Dungeon.
You were not hungry.

You visited 1 branch of the dungeon, and saw 5 of its levels.
You also visited: Sewer.

You collected 201 gold pieces.

Inventory:

Hand Weapons
 a - a +0 dagger (weapon)
 w - a +0 blowgun
Missiles
 i - 10 poisoned needles
Armour
 e - a +0 helmet (worn)
 l - a +2 animal skin (worn)
Scrolls
 d - a scroll of amnesia
 f - a scroll of random uselessness {unknown}
 n - a scroll of fog {@r4}
 o - 2 scrolls of remove curse {@r2}
 r - 2 scrolls of identify {@r1}
Potions
 k - a potion of haste {unknown}
Books
 b - a book of Necromancy

   Spells                             Type                      Level
   a - Pain                           Necromancy                   1
   b - Animate Skeleton               Necromancy                   1
   c - Vampiric Draining              Necromancy                   3
   d - Regeneration                   Charms/Necromancy            3
   e - Animate Dead                   Necromancy                   4
   f - Borgnjor's Vile Clutch         Necromancy/Earth             5
Miscellaneous
 h - a lightning rod (4/4)
Comestibles
 c - 9 rations


   Skills:
 + Level 2.2 Fighting
 + Level 2.2 Short Blades
 + Level 2.2 Long Blades
 + Level 2.2 Axes
 + Level 2.2 Maces & Flails
 + Level 2.2 Polearms
 + Level 2.2 Staves
 + Level 2.2 Slings
 + Level 2.2 Bows
 + Level 2.2 Crossbows
 + Level 2.2 Throwing
 + Level 2.2 Armour
 + Level 5.1 Dodging
 + Level 4.8 Stealth
 + Level 2.2 Shields
 + Level 2.2 Unarmed Combat
 + Level 5.5 Spellcasting
 + Level 1.8 Conjurations
 + Level 1.8 Hexes
 + Level 1.8 Charms
 + Level 1.8 Summonings
 + Level 7.3 Necromancy
 + Level 1.8 Translocations
 + Level 1.8 Transmutations
 + Level 1.8 Fire Magic
 + Level 1.8 Ice Magic
 + Level 1.8 Air Magic
 + Level 1.8 Earth Magic
 + Level 1.8 Poison Magic
 + Level 2.5 Invocations
 + Level 2.2 Evocations


You had 3 spell levels left.
You knew the following spells:

 Your Spells              Type           Power        Failure   Level  Hunger
a - Pain                  Necr           ####         1%          1    None
b - Animate Dead          Necr           N/A          5%          4    ####...
c - Borgnjor's Vile Clut  Necr/Erth      ###.......   41%         5    #####..
r - Regeneration          Chrm/Necr      ###.......   4%          3    ##.....
z - Animate Skeleton      Necr           N/A          1%          1    None


Dungeon Overview and Level Annotations

Branches:
Dungeon (5/15)
 Temple: D:4-7

Altars:
Makhleb
Okawaru
Uskayaw
Vehumet

Shops:
D:4 *=

Annotations:
D:4 Dowan
D:5 p0werm0de's ghost, novice GrCK


Innate Abilities, Weirdness & Mutations

Your experience applies equally to all skills.
You have very sharp teeth.
Your uncanny sense of smell can sniff out nearby items.


Message History

* * * LOW HITPOINT WARNING * * *
You feel sick.
The howler monkey zombie hits your orc priest skeleton.
You barely miss p0werm0de's ghost.
* * * LOW HITPOINT WARNING * * *
You feel sick. P0werm0de's ghost hits you!
* * * LOW HITPOINT WARNING * * *
You are more poisoned.
Your orc skeleton hits the howler monkey zombie.
The howler monkey zombie is destroyed!
You take 12 damage, and have 6/75 hp.
You closely miss p0werm0de's ghost. Your bite misses p0werm0de's ghost.
* * * LOW HITPOINT WARNING * * *
You feel sick.
Your orc priest skeleton hits p0werm0de's ghost but does no damage.
You take 1 damage, and have 5/75 hp.
You closely miss p0werm0de's ghost.
* * * LOW HITPOINT WARNING * * *
You feel sick. P0werm0de's ghost hits you.
You die...

.... ....... .......
.......
#############.......
##.....#<....#.......
##................[>..
#.....................
#.......Z@............
#...<..)W........#####
...#........Z......##
#.......((.......(#
...###.>..(........##
## ##.....#..........
####.##.#########
.......#.# #
:....#.._..#


You could see p0werm0de's ghost, a friendly orc skeleton and a friendly orc
priest skeleton.

Vanquished Creatures
  Duvessa (D:4)
  Purgy (Sewer)
  An ogre (D:5)
  A scorpion (D:4)
  2 orc priests (D:5)
  A hound (D:5)
  Robin (D:1)
  An adder skeleton (D:5)
  2 worms (D:3)
  3 orcs (D:5)
  2 ball pythons (D:1)
  3 giant cockroaches
  9 goblins
  13 hobgoblins
  3 jackals (D:4)
  A quokka (D:4)
  8 bats
  A frilled lizard (D:1)
  5 kobolds
  4 rats
63 creatures vanquished.

Vanquished Creatures (collateral kills)
  A howler monkey zombie (D:5)
  A ball python (D:2)
  2 goblins (D:2)
  2 hobgoblins
6 creatures vanquished.

Vanquished Creatures (others)
  A worm (D:3)
  An orc (D:3)
  A giant cockroach (D:3)
3 creatures vanquished.

Grand Total: 72 creatures vanquished

Notes
Turn   | Place    | Note
-------+----------+-------------------------------------------
     0 | D:1      | Flooderbenga the Gnoll Necromancer began the quest for the Orb.
     0 | D:1      | Reached XP level 1. HP: 13/13 MP: 6/6
    24 | D:2      | Noticed Robin
    30 | D:1      | Killed Robin
    30 | D:1      | Reached XP level 2. HP: 4/20 MP: 2/7
    34 | D:1      | Learned a level 1 spell: Animate Skeleton
   115 | D:1      | HP: 1/20 [rat (1)]
   207 | D:2      | Reached XP level 3. HP: 2/25 MP: 2/9
   227 | D:2      | Reached skill level 5 in Spellcasting
   232 | D:2      | Learned a level 3 spell: Regeneration
   338 | D:2      | Reached skill level 1 in Invocations
   531 | D:3      | Found a radiant altar of Vehumet.
   569 | D:3      | Found a glowing drain.
   573 | D:3      | Reached skill level 1 in Fighting
   573 | D:3      | Reached skill level 1 in Short Blades
   573 | D:3      | Reached skill level 1 in Long Blades
   573 | D:3      | Reached skill level 1 in Axes
   573 | D:3      | Reached skill level 1 in Maces & Flails
   573 | D:3      | Reached skill level 1 in Polearms
   573 | D:3      | Reached skill level 1 in Staves
   573 | D:3      | Reached skill level 1 in Slings
   573 | D:3      | Reached skill level 1 in Bows
   573 | D:3      | Reached skill level 1 in Crossbows
   573 | D:3      | Reached skill level 1 in Throwing
   573 | D:3      | Reached skill level 1 in Armour
   573 | D:3      | Reached skill level 1 in Shields
   573 | D:3      | Reached skill level 1 in Unarmed Combat
   573 | D:3      | Reached skill level 1 in Evocations
   586 | D:3      | Reached XP level 4. HP: 27/32 MP: 3/11
   592 | D:3      | Learned a level 4 spell: Animate Dead
   595 | Sewer    | Entered a sewer
   631 | Sewer    | Noticed Purgy
   664 | Sewer    | Killed Purgy
   664 | Sewer    | Reached skill level 1 in Conjurations
   664 | Sewer    | Reached skill level 1 in Hexes
   664 | Sewer    | Reached skill level 1 in Charms
   664 | Sewer    | Reached skill level 1 in Summonings
   664 | Sewer    | Reached skill level 1 in Translocations
   664 | Sewer    | Reached skill level 1 in Transmutations
   664 | Sewer    | Reached skill level 1 in Fire Magic
   664 | Sewer    | Reached skill level 1 in Ice Magic
   664 | Sewer    | Reached skill level 1 in Air Magic
   664 | Sewer    | Reached skill level 1 in Earth Magic
   664 | Sewer    | Reached skill level 1 in Poison Magic
   664 | Sewer    | Reached XP level 5. HP: 23/37 MP: 0/12
   672 | Sewer    | Learned a level 5 spell: Borgnjor's Vile Clutch
   777 | D:4      | Found Akado's Assorted Antiques.
   866 | D:3      | Found an iron altar of Okawaru.
   958 | D:4      | Noticed Duvessa
   959 | D:4      | Noticed Dowan
   972 | D:4      | Killed Duvessa
   972 | D:4      | Reached XP level 6. HP: 12/44 MP: 0/13
  1012 | D:4      | Reached skill level 5 in Dodging
  1024 | D:5      | Entered Level 5 of the Dungeon
  1034 | D:5      | Found a hide-covered altar of Uskayaw.
  1037 | D:5      | Noticed p0werm0de's ghost (novice GrCK)
  1091 | D:5      | Found a burning altar of Makhleb.
  1145 | D:4      | Found Fuatsol's Jewellery Shop.
  1166 | D:4      | Reached XP level 7. HP: 29/50 MP: 3/15
  1250 | D:5      | HP: 3/75 [poisoned by p0werm0de's ghost]
  1250 | D:5      | Slain by p0werm0de's ghost

Skill      XL: |  1  2  3  4  5  6 |
---------------+-------------------+-----
Spellcasting   | 5 |  5.5
Invocations    | 1 2 |  2.5
Fighting       | 1 2 |  2.2
Short Blades   | 1 2 |  2.2
Long Blades    | 1 2 |  2.2
Axes           | 1 2 |  2.2
Maces & Flails | 1 2 |  2.2
Polearms       | 1 2 |  2.2
Staves         | 1 2 |  2.2
Slings         | 1 2 |  2.2
Bows           | 1 2 |  2.2
Crossbows      | 1 2 |  2.2
Throwing       | 1 2 |  2.2
Armour         | 1 2 |  2.2
Shields        | 1 2 |  2.2
Unarmed Combat | 1 2 |  2.2
Evocations     | 1 2 |  2.2
Conjurations   | 1 |  1.8
Hexes          | 1 |  1.8
Charms         | 1 |  1.8
Summonings     | 1 |  1.8
Translocations | 1 |  1.8
Transmutations | 1 |  1.8
Fire Magic     | 1 |  1.8
Ice Magic      | 1 |  1.8
Air Magic      | 1 |  1.8
Earth Magic    | 1 |  1.8
Poison Magic   | 1 |  1.8
Dodging        | 5 |  5.1
Stealth        | |  4.8
Necromancy     | |  7.3

Action                   |  1- 3 |  4- 6 |  7- 9 || total
-------------------------+-------+-------+-------++-------
Melee: Dagger            |    34 |    36 |    22 ||    92
       Bite              |     3 |       |     4 ||     7
       Punch             |       |     1 |       ||     1
 Fire: Blowgun           |       |       |     4 ||     4
Throw: Stone             |    15 |     6 |       ||    21
 Cast: Pain              |    46 |    50 |    10 ||   106
       Animate Skeleton  |     5 |     2 |     3 ||    10
       Regeneration      |     2 |     3 |       ||     5
  Use: Potion            |       |     1 |     1 ||     2
       Scroll            |       |     5 |       ||     5
 Stab: Sleeping          |     2 |     4 |       ||     6
  Eat: Chunk             |       |     1 |     1 ||     2
Armor: Robe              |     4 |       |       ||     4
       Animal skin       |     4 |    12 |     4 ||    20
       Skin              |       |    50 |       ||    50
Dodge: Dodged            |    34 |    46 |    10 ||    90
